 Dungeon Sprint DCSS version 0.18-b1-16-g289874d (webtiles) character file.

3131 otab the Bludgeoner (level 9, -1/151 HPs)
             Began as an Ogre Gladiator on May 1, 2016.
             Was a High Priest of the Shining One.
             Killed by the air
             ... invoked by a wind drake
              (15 damage)
             ... in the Dungeon (Sprint V: "Ziggurat Sprint").
             The game lasted 00:02:07 (796 turns).

otab the Bludgeoner (Ogre Gladiator)                 Turns: 796, Time: 00:02:08

Health: -1/151     AC: 21    Str: 27    XL:     9   Next: 92%
Magic:  16/16      EV:  8    Int:  7    God:    the Shining One [*****.]
Gold:   0          SH:  0    Dex: 25    Spells: 0 memorised, 8 levels left

rFire  + . .     SeeInvis .     L - +10 dark maul {crush}
rCold  + . .     Gourm    .     l - +5 gold dragon armour
rNeg   + + .     Faith    .     (shield currently unavailable)
rPois  +         Spirit   .     c - +0 hat
rElec  .         Dismiss  .     (no cloak)
rCorr  .         Reflect  .     (gloves unavailable)
SustAt .         Harm     .     (boots unavailable)
MR     .....     NoTele   +     (no amulet)
Stlth  ..........               F - +6 ring of dexterity
                                G - +6 ring of dexterity

@: berserking, glowing, very quick, not resistant to hostile enchantments,
extremely unstealthy
A: unfitting armour, tough skin 1
a: Divine Shield, Cleansing Flame, Summon Divine Warrior, Renounce Religion


You were in the Dungeon.
You worshipped the Shining One.
The Shining One was extremely pleased with you.
You were hungry.

You visited 1 branch

Inventory:

Hand Weapons
 a - a +0 flail
 p - a +0 trident of piercing
 L - the +10 dark maul (weapon) {crush}
   (You found it in the Dungeon)

   It inflicts extra damage upon your enemies.
Missiles
 d - 3 throwing nets (quivered)
Armour
 b - a +0 robe
 c - a +0 hat (worn)
 l - a +5 gold dragon armour (worn)
Jewellery
 F - a +6 ring of dexterity (right hand)
 G - a +6 ring of dexterity (left hand)
Wands
 B - a wand of disintegration (7/24)
 C - a wand of iceblast (5/15)
 D - a wand of lightning (5/15)
 E - a wand of acid (5/15)
Scrolls
 k - 4 scrolls of blinking
 s - 4 scrolls of amnesia
 t - 3 scrolls of recharging
 u - 7 scrolls of fog
 v - a scroll of holy word
 w - 5 scrolls of identify
 x - 5 scrolls of remove curse
 y - 2 scrolls of fear
 H - 4 scrolls of enchant weapon
Potions
 e - 8 potions of curing
 g - 9 potions of heal wounds
 h - 6 potions of haste
 i - 7 potions of magic
 j - a potion of berserk rage
 m - 2 potions of brilliance
 n - 2 potions of invisibility
 o - 4 potions of resistance
 q - 4 potions of agility
 r - 5 potions of might
Comestibles
 f - 5 bread rations
 z - 42 fruits
 A - 4 meat rations


   Skills:
 + Level 10.3 Fighting
 * Level 18.6 Maces & Flails
 - Level 2.0 Throwing
 + Level 6.1 Armour
 + Level 8.5 Dodging
 * Level 10.1 Invocations


You had 8 spell levels left.
You didn't know any spells.

Dungeon Overview and Level Annotations

Branches:
Dungeon (1/1)

Altars:
Ashenzari
Cheibriados
Dithmenos
Elyvilon
Fedhas
Gozag
Kikubaaqudgha
Makhleb
Nemelex Xobeh
Okawaru
Pakellas
Qazlal
Ru
Sif Muna
Trog
Vehumet
Xom
Yredelemnul
Zin
The Shining One
Beogh
Jiyva
Lugonu


Innate Abilities, Weirdness & Mutations

You are too large for most types of armour.
You have tough skin (AC +1).


Message History

Your Armour skill increases to level 6!
The air elemental hits you!
* * * LOW HITPOINT WARNING * * *
The air elemental hits you.
* * * LOW HITPOINT WARNING * * *
The air elemental hits you but does no damage.
The air elemental hits you.
* * * LOW HITPOINT WARNING * * *
The insubstantial wisp thrums sharply.
You are struck by lightning.
* * * LOW HITPOINT WARNING * * *
The lightning arcs!
The air elemental hits you!
* * * LOW HITPOINT WARNING * * *
The wind drake exhales a fierce blast of wind!
The insubstantial wisp and the air elementals are blown away by the wind.
Unknown command.
The air elemental barely misses you. The wind drake flaps its wings at you.
The air twists around and strikes you!
You die...

▓▓▓▓▓▓▓▓▓▓▓▓▓▓▓▓▓▓▓
▓...8©8...▓..8©8..▓
▓..))?|...▓..}|:..▓
▓...[[)...▓..:))..▓
▓.........▓.......▓
▓.........▓.......▓
▓....k....▓..††...▓
▓.........▓..†^...▓
▓.▓E@.E.▓.▓.......▓
▓......v..▓.......▓
▓▓▓▓▓▓▓▓▓▓▓▓▓▓▓▓▓▓▓
▓..8©8..▓ ▓..=:[..▓
▓...:}..▓ ▓.......▓
▓.......▓ ▓.......▓


You could see a wind drake, 2 air elementals and an insubstantial wisp.

Vanquished Creatures
  2 draconians (D)
  A black mamba (D)
  2 wind drakes (D)
  A jumping spider (D)
  2 tarantellas (D)
  2 nagas (D)
  An insubstantial wisp (D)
  4 water moccasins (D)
  8 scorpions (D)
  2 adders (D)
  An adder skeleton (D)
  An adder zombie (D)
  A bat zombie (D)
  5 ball pythons (D)
33 creatures vanquished.

Notes
Turn   | Place    | Note
--------------------------------------------------------------
     0 | D        | otab the Ogre Gladiator began the quest for the Orb.
     0 | D        | Reached XP level 1. HP: 22/22 MP: 1/1
    15 | D        | Found a viscous altar of Jiyva.
    15 | D        | Found a roughly hewn altar of Beogh.
    15 | D        | Found a corrupted altar of Lugonu.
    15 | D        | Found a white marble altar of Elyvilon.
    15 | D        | Found a sparkling altar of Nemelex Xobeh.
    16 | D        | Found a burning altar of Makhleb.
    16 | D        | Found an iron altar of Okawaru.
    16 | D        | Found a deep blue altar of Sif Muna.
    16 | D        | Found a radiant altar of Vehumet.
    16 | D        | Found a bloodstained altar of Trog.
    16 | D        | Found a shimmering altar of Xom.
    31 | D        | Became a worshipper of the Shining One
    52 | D        | Reached skill level 6 in Maces & Flails
    52 | D        | Reached XP level 2. HP: 33/33 MP: 1/5
    56 | D        | Entered arena 1.
    56 | D        | Noticed a draconian
    56 | D        | Noticed a draconian
    61 | D        | Killed a draconian
    61 | D        | Reached skill level 5 in Fighting
    61 | D        | Reached skill level 12 in Maces & Flails
    61 | D        | Reached XP level 3. HP: 25/44 MP: 2/7
    61 | D        | Reached XP level 4. HP: 30/52 MP: 2/9
    61 | D        | Reached XP level 5. HP: 34/59 MP: 2/10
    61 | D        | Reached XP level 6. HP: 39/67 MP: 2/11
    62 | D        | Killed a draconian
    62 | D        | Reached skill level 14 in Maces & Flails
    62 | D        | Reached XP level 7. HP: 44/76 MP: 2/12
   207 | D        | Entered arena 2.
   207 | D        | Reached * piety under the Shining One
   207 | D        | Reached ** piety under the Shining One
   220 | D        | Entered arena 3.
   220 | D        | Reached *** piety under the Shining One
   224 | D        | Reached XP level 8. HP: 84/84 MP: 12/14
   225 | D        | Reached skill level 15 in Maces & Flails
   232 | D        | Entered arena 4.
   251 | D        | Entered arena 5.
   251 | D        | Reached **** piety under the Shining One
   251 | D        | Noticed a tarantella
   259 | D        | Killed a tarantella
   262 | D        | Reached skill level 16 in Maces & Flails
   270 | D        | Got the ring of Rapsir {rF+ Int+7 Dex+2 SInv}
   509 | D        | Entered arena 6.
   509 | D        | Noticed a jumping spider
   509 | D        | Noticed a tarantella
   512 | D        | Killed a tarantella
   517 | D        | Killed a jumping spider
   517 | D        | Reached XP level 9. HP: 68/96 MP: 15/15
   520 | D        | Reached skill level 17 in Maces & Flails
   585 | D        | Entered arena 7.
   585 | D        | Reached ***** piety under the Shining One
   585 | D        | Noticed a black mamba
   589 | D        | Killed a black mamba
   593 | D        | Reached skill level 5 in Armour
   594 | D        | Reached skill level 18 in Maces & Flails
   628 | D        | Got the ring "Suecsaont" {Wiz +Inv rN+ MR- Int+7 Dex+3}
   786 | D        | Entered arena 8.
   786 | D        | Noticed a wind drake
   786 | D        | Noticed a wind drake
   786 | D        | Noticed a wind drake
   790 | D        | Killed a wind drake
   790 | D        | Reached skill level 10 in Fighting
   790 | D        | Reached skill level 10 in Invocations
   793 | D        | Killed a wind drake
   796 | D        | Killed from afar by a wind drake

Skill      XL: |  1  2  3  4  5  6  7  8  9 |
---------------+----------------------------+-----
Fighting       | 4 5 6 8 10 | 10.3
Maces & Flails | 6 12 14 16 18 | 18.6
Armour         | 2 3 4 6 |  6.1
Dodging        | 3 6 7 8 |  8.5
Invocations    | 4 6 7 8 9 10 | 10.1
Throwing       | |  2.0

Action                   |  1- 3 |  4- 6 |  7- 9 || total
-------------------------+-------+-------+-------++-------
Melee: Maul              |     4 |     1 |    51 ||    56
  Use: Potion            |     2 |       |     5 ||     7
Armor: Gold dragon armou |    11 |     2 |   254 ||   267
Dodge: Dodged            |     2 |       |    69 ||    71
